| TOP OF THE 1ST |
|
Milwaukee Brewers batting - Pitching for Cincinnati Reds : LHP Justin Sullins
|
|
Pitching: LHP Justin Sullins
|
|
|
Batting: RHB Daniel Donovan
|
0-0: Ball 1-0: Swinging Strike 1-1: Foul Ball, location: 2F 1-2: Ball 2-2: Foul Ball, location: 2F 2-2: Ball 3-2: Base on Balls
|
|
Batting: RHB Akitada Nishizawa
|
0-0: Ball 1-0: Ball 2-0: Sac Bunt to 13S - play at first, batter OUT! 1-3 Daniel Donovan to second
|
|
Batting: SHB Jason Woods
|
0-0: Called Strike 0-1: Called Strike 0-2: Ball 1-2: Ground out 5-3 (Groundball, 56S, EV 76.3 MPH)
|
|
Batting: LHB Cooper Broomhall
|
0-0: Foul Ball, location: 2F 0-1: Ball 1-1: Ball 2-1: Foul Ball, location: 2F 2-2: Foul Ball, location: 2F 2-2: SINGLE (Groundball, 6M, EV 81.9 MPH) (infield hit) Daniel Donovan to third
|
|
Batting: RHB Yuichi Matsuoka
|
0-0: Fielders Choice at 2nd, 5-4 (Groundball, 56, EV 92.5 MPH)
|
| Top of the 1st over - 0 runs, 1 hit, 0 errors, 2 left on base; Milwaukee 0 - Cincinnati 0 |
| BOTTOM OF THE 1ST |
|
Cincinnati Reds batting - Pitching for Milwaukee Brewers : RHP John York
|
|
Pitching: RHP John York
|
|
|
Batting: LHB Satoru Handa
|
0-0: Fly out, F9 (Flyball, 9LD, EV 97.5 MPH)
|
|
Batting: LHB Jesus Lozano
|
0-0: Called Strike 0-1: Ball 1-1: Foul Ball, location: 2F 1-2: Foul Ball, location: 2F 1-2: Ball 2-2: Foul Ball, location: 2F 2-2: Ball 3-2: Base on Balls
|
|
Batting: LHB Jake Bill
|
0-0: Called Strike 0-1: 2-RUN HOME RUN (Flyball, 78XD, EV 106.3 MPH), Distance : 410 ft
|
|
Batting: LHB Sean Geisler
|
0-0: Called Strike 0-1: Called Strike 0-2: Ball 1-2: Fly out, F6 (Popup, 4M, EV 58.8 MPH)
|
|
Batting: LHB Jon Ledesma
|
0-0: Called Strike 0-1: Foul Ball, location: 2F 0-2: Ball 1-2: Foul Ball, location: 2F 1-2: Foul Ball, location: 2F 1-2: SINGLE (Groundball, 25, EV 61.9 MPH) (infield hit)
|
|
Batting: RHB Willie Cardamone
|
0-0: Called Strike 0-1: Ball 1-1: Called Strike 1-2: Ball 2-2: DOUBLE (Line Drive, 9LS, EV 88.1 MPH) Jon Ledesma to third Runner from 3rd tries for Home, throw by RF and OUT! 9-4-2
|
| Bottom of the 1st over - 2 runs, 3 hits, 0 errors, 1 left on base; Milwaukee 0 - Cincinnati 2 |
| TOP OF THE 2ND |
|
Milwaukee Brewers batting - Pitching for Cincinnati Reds : LHP Justin Sullins
|
|
Batting: RHB Kisho Ito
|
0-0: Swinging Strike 0-1: Foul Ball, location: 2F 0-2: Ball 1-2: Strikes out swinging
|
|
Batting: RHB Cody Flowers
|
0-0: Called Strike 0-1: Ball 1-1: Fly out, F9 (Flyball, 9D, EV 91.9 MPH)
|
|
Batting: RHB Ben Campbell
|
0-0: Called Strike 0-1: Ground out 6-3 (Groundball, 6, EV 90.6 MPH)
|
| Top of the 2nd over - 0 runs, 0 hits, 0 errors, 0 left on base; Milwaukee 0 - Cincinnati 2 |
| BOTTOM OF THE 2ND |
|
Cincinnati Reds batting - Pitching for Milwaukee Brewers : RHP John York
|
|
Batting: SHB Dave Barefoot
|
0-0: Ground out 3-1 (Groundball, 34, EV 84.4 MPH)
|
|
Batting: RHB Willie Lazcano
|
0-0: Ball 1-0: Swinging Strike 1-1: Ball 2-1: Ground out 6-3 (Groundball, 6S, EV 66.3 MPH)
|
|
Batting: LHB Andy Arbuckle
|
0-0: Ball 1-0: Ball 2-0: Foul Ball, location: 2F 2-1: Ground out 4-3 (Groundball, 4, EV 96.3 MPH)
|
| Bottom of the 2nd over - 0 runs, 0 hits, 0 errors, 0 left on base; Milwaukee 0 - Cincinnati 2 |
| TOP OF THE 3RD |
|
Milwaukee Brewers batting - Pitching for Cincinnati Reds : LHP Justin Sullins
|
|
Batting: SHB Jean-François Bernard
|
0-0: Ball 1-0: Called Strike 1-1: Ball 2-1: Foul Ball, location: 2F 2-2: Ground out U3 (Groundball, 34S, EV 86.3 MPH)
|
|
Batting: RHB Daniel Donovan
|
0-0: Ball 1-0: Ball 2-0: Called Strike 2-1: Called Strike 2-2: Ball 3-2: Foul Ball, location: 2F 3-2: Strikes out swinging
|
|
Batting: RHB Akitada Nishizawa
|
0-0: Ball 1-0: Ball 2-0: Ground out 6-3 (Groundball, 6M, EV 86.9 MPH)
|
| Top of the 3rd over - 0 runs, 0 hits, 0 errors, 0 left on base; Milwaukee 0 - Cincinnati 2 |
| BOTTOM OF THE 3RD |
|
Cincinnati Reds batting - Pitching for Milwaukee Brewers : RHP John York
|
|
Batting: LHB Satoru Handa
|
0-0: Ball 1-0: SOLO HOME RUN (Flyball, 9D, EV 99.4 MPH), Distance : 394 ft
|
|
Batting: LHB Jesus Lozano
|
0-0: Ball 1-0: Ball 2-0: Called Strike 2-1: Foul Ball, location: 2F 2-2: Foul Ball, location: 2F 2-2: Ground out 3-1 (Groundball, 34S, EV 90.0 MPH)
|
|
Batting: LHB Jake Bill
|
0-0: Foul Ball, location: 2F 0-1: Ball 1-1: Ball 2-1: Ball 3-1: SINGLE (Groundball, 56D, EV 106.3 MPH)
|
|
Batting: LHB Sean Geisler
|
0-0: Swinging Strike 0-1: SINGLE (Groundball, 34D, EV 98.8 MPH) Jake Bill to second Runner from 2nd tries for 3rd, SAFE, throw by RF made to third Sean Geisler to second
|
|
Batting: LHB Jon Ledesma
|
0-0: Ball 1-0: Called Strike 1-1: Foul Ball, location: 2F 1-2: Ball 2-2: Foul Ball, location: 2F 2-2: Ball 3-2: Base on Balls
|
|
Batting: RHB Willie Cardamone
|
0-0: Ball 1-0: Called Strike 1-1: Foul Ball, location: 2F 1-2: Ball 2-2: Ball 3-2: Foul Ball, location: 2F 3-2: Base on Balls Jake Bill scores Sean Geisler to third Jon Ledesma to second
|
|
Batting: SHB Dave Barefoot
|
0-0: Ball 1-0: DOUBLE (Flyball, 8RXD, EV 105.6 MPH) Sean Geisler scores Jon Ledesma scores Willie Cardamone to third Runner from 3rd tries for Home, SAFE, throw by CF to home
|
|
Pitching: RHP Josh Kenyon
|
|
|
Batting: RHB Willie Lazcano
|
0-0: Foul Ball, location: 2F 0-1: Swinging Strike 0-2: Strikes out swinging
|
|
Batting: LHB Andy Arbuckle
|
0-0: Fly out, F6 (Popup, 6, EV 61.3 MPH)
|
| Bottom of the 3rd over - 5 runs, 4 hits, 0 errors, 1 left on base; Milwaukee 0 - Cincinnati 7 |
| TOP OF THE 4TH |
|
Milwaukee Brewers batting - Pitching for Cincinnati Reds : LHP Justin Sullins
|
|
Batting: SHB Jason Woods
|
0-0: Ball 1-0: Ball 2-0: Foul Ball, location: 2F 2-1: Ball 3-1: Called Strike 3-2: Foul Ball, location: 2F 3-2: Foul Ball, location: 2F 3-2: Reached on error, E5 (Groundball, 56S, EV 82.5 MPH)
|
|
Batting: LHB Cooper Broomhall
|
0-0: Ball 1-0: Ball 2-0: Grounds into double play, 4-6-3 (Groundball, 34, EV 85.6 MPH)
|
|
Batting: RHB Yuichi Matsuoka
|
0-0: Called Strike 0-1: Foul Ball, location: 2F 0-2: Ball 1-2: Ground out 5-3 (Groundball, 56S, EV 84.4 MPH)
|
| Top of the 4th over - 0 runs, 0 hits, 1 error, 0 left on base; Milwaukee 0 - Cincinnati 7 |
| BOTTOM OF THE 4TH |
|
Cincinnati Reds batting - Pitching for Milwaukee Brewers : RHP Josh Kenyon
|
|
Batting: LHB Satoru Handa
|
0-0: Ball 1-0: Ground out 3-1 (Groundball, 34S, EV 66.3 MPH)
|
|
Batting: LHB Jesus Lozano
|
0-0: Ball 1-0: Swinging Strike 1-1: SOLO HOME RUN (Flyball, 89XD, EV 95.0 MPH), Distance : 375 ft
|
|
Batting: LHB Jake Bill
|
0-0: Ball 1-0: SINGLE (Groundball, 4MD, EV 95.6 MPH)
|
|
Batting: LHB Sean Geisler
|
0-0: Ball 1-0: DOUBLE (Line Drive, 7LM, EV 108.1 MPH) Jake Bill to third Runner from 3rd tries for Home, SAFE, no throw by LF
|
|
Batting: LHB Jon Ledesma
|
0-0: Ball 1-0: Called Strike 1-1: Swinging Strike 1-2: Ball 2-2: Ground out 6-3 (Groundball, 4MS, EV 85.6 MPH) Sean Geisler to third
|
|
Batting: RHB Willie Cardamone
|
0-0: Called Strike 0-1: 2-RUN HOME RUN (Flyball, 78XD, EV 100.6 MPH), Distance : 403 ft
|
|
Batting: SHB Dave Barefoot
|
0-0: SINGLE (Line Drive, 8RS, EV 92.5 MPH)
|
|
Batting: RHB Willie Lazcano
|
0-0: Ball 1-0: Ground out 4-3 (Groundball, 34, EV 83.1 MPH)
|
| Bottom of the 4th over - 4 runs, 5 hits, 0 errors, 1 left on base; Milwaukee 0 - Cincinnati 11 |
| TOP OF THE 5TH |
|
Milwaukee Brewers batting - Pitching for Cincinnati Reds : LHP Justin Sullins
|
|
Batting: RHB Kisho Ito
|
0-0: Ball 1-0: Fly out, F9 (Flyball, 9LS, EV 96.9 MPH)
|
|
Batting: RHB Cody Flowers
|
0-0: SINGLE (Groundball, P, EV 86.3 MPH) (infield hit)
|
|
Batting: RHB Ben Campbell
|
0-0: Foul Ball, location: 2F 0-1: Ball 1-1: Ball 2-1: Foul Ball, location: 2F 2-2: Ball 3-2: Foul Ball, location: 2F 3-2: Base on Balls Cody Flowers to second
|
|
Batting: SHB Jean-François Bernard
|
0-0: Called Strike 0-1: Called Strike 0-2: Strikes out looking
|
|
Batting: RHB Daniel Donovan
|
0-0: Ball 1-0: Ball 2-0: Fielders Choice at 2nd, 6-4 (Groundball, 56, EV 79.4 MPH)
|
| Top of the 5th over - 0 runs, 1 hit, 0 errors, 2 left on base; Milwaukee 0 - Cincinnati 11 |
| BOTTOM OF THE 5TH |
|
Cincinnati Reds batting - Pitching for Milwaukee Brewers : RHP Josh Kenyon
|
|
Batting: LHB Andy Arbuckle
|
0-0: Foul Ball, location: 2F 0-1: Ball 1-1: Ball 2-1: Called Strike 2-2: Ball 3-2: Foul Ball, location: 2F 3-2: Strikes out looking
|
|
Batting: LHB Satoru Handa
|
0-0: TRIPLE (Groundball, 3L, EV 98.8 MPH)
|
|
Batting: LHB Jesus Lozano
|
0-0: Ball 1-0: SINGLE (Line Drive, 7LS, EV 101.3 MPH) Satoru Handa scores
|
|
Batting: LHB Jake Bill
|
0-0: Grounds into double play, 5-4-3 (Groundball, 5, EV 86.9 MPH)
|
| Bottom of the 5th over - 1 run, 2 hits, 0 errors, 0 left on base; Milwaukee 0 - Cincinnati 12 |
| TOP OF THE 6TH |
|
Milwaukee Brewers batting - Pitching for Cincinnati Reds : LHP Justin Sullins
|
|
Batting: RHB Akitada Nishizawa
|
0-0: Called Strike 0-1: Swinging Strike 0-2: Foul Ball, location: 2F 0-2: Foul Ball, location: 2F 0-2: Ground out U3 (Groundball, 34, EV 102.5 MPH)
|
|
Batting: SHB Jason Woods
|
0-0: Ball 1-0: Called Strike 1-1: Foul Ball, location: 2F 1-2: Strikes out looking
|
|
Batting: LHB Cooper Broomhall
|
0-0: Ground out 5-3 (Groundball, 6, EV 100.6 MPH)
|
| Top of the 6th over - 0 runs, 0 hits, 0 errors, 0 left on base; Milwaukee 0 - Cincinnati 12 |
| BOTTOM OF THE 6TH |
|
Cincinnati Reds batting - Pitching for Milwaukee Brewers : RHP Josh Kenyon
|
|
Batting: LHB Sean Geisler
|
0-0: Ball 1-0: Ball 2-0: Ball 3-0: Called Strike 3-1: Foul Ball, location: 2F 3-2: Base on Balls
|
|
Batting: LHB Jon Ledesma
|
0-0: Called Strike 0-1: Ball 1-1: Ball 2-1: Swinging Strike 2-2: Fielders Choice at 2nd, 1-6 (Groundball, 13S, EV 69.4 MPH)
|
|
Batting: RHB Willie Cardamone
|
0-0: Called Strike 0-1: Ball 1-1: Ball 2-1: Grounds into double play, 4-6-3 (Groundball, 34, EV 103.8 MPH)
|
| Bottom of the 6th over - 0 runs, 0 hits, 0 errors, 0 left on base; Milwaukee 0 - Cincinnati 12 |
| TOP OF THE 7TH |
|
Milwaukee Brewers batting - Pitching for Cincinnati Reds : LHP Justin Sullins
|
|
Batting: RHB Yuichi Matsuoka
|
0-0: Ball 1-0: Ball 2-0: Called Strike 2-1: Foul Ball, location: 2F 2-2: Ball 3-2: SINGLE (Groundball, 25, EV 68.1 MPH) (infield hit)
|
|
Batting: RHB Kisho Ito
|
0-0: Fielders Choice at 2nd, 4-6 (Groundball, 4, EV 91.3 MPH)
|
|
Batting: RHB Cody Flowers
|
0-0: Ball 1-0: Grounds into double play, 6-4-3 (Groundball, 6, EV 80.6 MPH)
|
| Top of the 7th over - 0 runs, 1 hit, 0 errors, 0 left on base; Milwaukee 0 - Cincinnati 12 |
| BOTTOM OF THE 7TH |
|
Cincinnati Reds batting - Pitching for Milwaukee Brewers : RHP Josh Kenyon
|
|
Batting: SHB Dave Barefoot
|
0-0: Ground out U3 (Groundball, 3L, EV 86.3 MPH)
|
|
Batting: RHB Willie Lazcano
|
0-0: Called Strike 0-1: Ball 1-1: Called Strike 1-2: Ground out 5-3 (Groundball, 56S, EV 85.6 MPH)
|
|
Batting: LHB Andy Arbuckle
|
0-0: Ball 1-0: Ball 2-0: Ball 3-0: Called Strike 3-1: Foul Ball, location: 2F 3-2: DOUBLE (Flyball, 8LXD, EV 111.3 MPH)
|
|
Pitching: RHP Kouchiro Yamaguchi
|
|
|
Batting: LHB Satoru Handa
|
0-0: Called Strike 0-1: Fly out, F8 (Flyball, 8RM, EV 90.0 MPH)
|
| Bottom of the 7th over - 0 runs, 1 hit, 0 errors, 1 left on base; Milwaukee 0 - Cincinnati 12 |
| TOP OF THE 8TH |
|
Milwaukee Brewers batting - Pitching for Cincinnati Reds : LHP Justin Sullins
|
|
Batting: RHB Ben Campbell
|
0-0: Foul Ball, location: 2F 0-1: Fly out, F8 (Flyball, 8RM, EV 85.0 MPH)
|
|
Batting: SHB Jean-François Bernard
|
0-0: Foul Ball, location: 2F 0-1: Swinging Strike 0-2: Fly out, F9 (Flyball, 9, EV 87.5 MPH)
|
|
Batting: RHB Daniel Donovan
|
0-0: Ball 1-0: SINGLE (Groundball, 56D, EV 103.8 MPH)
|
|
Batting: RHB Akitada Nishizawa
|
0-0: Foul Ball, location: 2F 0-1: Ball 1-1: Foul Ball, location: 2F 1-2: SINGLE (Flyball, 9LS, EV 94.4 MPH) Daniel Donovan to second
|
|
Batting: SHB Jason Woods
|
0-0: Ball 1-0: Swinging Strike 1-1: Fly out, F7 (Line Drive, 7, EV 100.0 MPH)
|
| Top of the 8th over - 0 runs, 2 hits, 0 errors, 2 left on base; Milwaukee 0 - Cincinnati 12 |
| BOTTOM OF THE 8TH |
|
Cincinnati Reds batting - Pitching for Milwaukee Brewers : RHP Kouchiro Yamaguchi
|
|
Batting: LHB Jesus Lozano
|
0-0: Called Strike 0-1: Swinging Strike 0-2: Strikes out swinging
|
|
Batting: LHB Jake Bill
|
0-0: Ball 1-0: Called Strike 1-1: Called Strike 1-2: Strikes out swinging
|
|
Pinch Hitting: LHB Shawn Morrison
|
0-0: Called Strike 0-1: Ball 1-1: Foul Ball, location: 2F 1-2: Strikes out swinging
|
| Bottom of the 8th over - 0 runs, 0 hits, 0 errors, 0 left on base; Milwaukee 0 - Cincinnati 12 |
| TOP OF THE 9TH |
|
Milwaukee Brewers batting - Pitching for Cincinnati Reds : LHP Justin Sullins
|
|
Now at 1B: Shawn Morrison
|
|
|
Batting: LHB Cooper Broomhall
|
0-0: Called Strike 0-1: Fly out, F7 (Flyball, 7S, EV 93.1 MPH)
|
|
Batting: RHB Yuichi Matsuoka
|
0-0: Called Strike 0-1: Called Strike 0-2: Fly out, F9 (Flyball, 9D, EV 91.3 MPH)
|
|
Batting: RHB Kisho Ito
|
0-0: Ball 1-0: Fly out, F7 (Flyball, 7S, EV 84.4 MPH)
|
| Top of the 9th over - 0 runs, 0 hits, 0 errors, 0 left on base; Milwaukee 0 - Cincinnati 12 |
|